 Dungeon Crawl Stone Soup version 0.28-a0-472-g50180c0d78 (webtiles) character file.

Game seed: 10618573328125309738

504 Morbidden the Ruffian (level 6, -1/54 (55) HPs)
             Began as a Troll Earth Elementalist on Sept 15, 2021.
             Slain by a gnoll sergeant (12 damage)
             ... on level 4 of the Dungeon.
             The game lasted 00:04:07 (2751 turns).

Morbidden the Ruffian (Troll Earth Elementalist)    Turns: 2751, Time: 00:04:07

HP:   -1/54 (55)    AC:  4    Str: 17    XL:     6   Next: 96%
MP:   7/7           EV: 10    Int: 13    God:
Gold: 93            SH:  0    Dex: 10    Spells: 7/8 levels left

rFire   + . .      SeeInvis .     - Unarmed
rCold   . . .      Faith    .   (no shield)
rNeg    . . .      Spirit   .   b - +0 robe
rPois   +          Reflect  .   (helmet restricted)
rElec   .          Harm     .   (no cloak)
rCorr   .          Rampage  .   (gloves unavailable)
Will    .....                   (boots unavailable)
Stlth   +.........              p - amulet of magic regeneration
HPRegen 1.18/turn               d - ring of poison resistance
MPRegen 0.35/turn               g - ring of protection from fire

@: lightly drained
A: large, unfitting armour, claws 3, regeneration 1, shaggy fur 1, tough skin 1
a: no special abilities


You were on level 4 of the Dungeon.
You visited 1 branch of the dungeon, and saw 4 of its levels.

You collected 93 gold pieces.

Inventory:

Missiles
 c - 107 stones
Armour
 b - a +0 robe (worn)
Jewellery
 d - a ring of poison resistance (left claw)
 f - a ring of ice
 g - a ring of protection from fire (right claw)
 p - an amulet of magic regeneration (around neck)
Wands
 n - a wand of acid (10)
 s - a wand of charming (8)
Scrolls
 a - a scroll of vulnerability {unknown}
 e - a scroll of enchant weapon {unknown}
 h - 6 scrolls of identify {unknown}
 i - 2 scrolls of enchant armour {unknown}
 j - a scroll of brand weapon {unknown}
 k - a scroll of blinking {unknown}
 q - a scroll of teleportation {unknown}
 r - a scroll of magic mapping {unknown}
Potions
 l - a potion of attraction {unknown}
 m - a potion of mutation {unknown}
 o - a potion of brilliance {unknown}


   Skills:
 * Level 1.3 Fighting
 + Level 2.1 Dodging
 + Level 1.1 Stealth
 * Level 4.7 Unarmed Combat
 * Level 1.9 Spellcasting
 * Level 1.9 Transmutations
 * Level 3.6 Earth Magic


You had 7 spell levels left.
You knew the following spells:

 Your Spells              Type           Power      Damage    Failure   Level
a - Sandblast             Erth           20%        2d7       6%          1

Your spell library contained the following spells:

 Spells                   Type           Power      Damage    Failure   Level
 Passwall                 Tmut/Erth      6%         N/A       12%         2
 Stone Arrow              Conj/Erth      10%        3d7       36%         3
 Petrify                  Tmut/Erth      8%         N/A       63%         4


Dungeon Overview and Level Annotations

Branches:
Dungeon (4/15)
 Temple: D:4-7

Altars:
Uskayaw


Innate Abilities, Weirdness & Mutations

You are too large for most types of armour.
You have claws for hands.
Your natural rate of healing is unusually fast.
You are covered in fur. (AC +1)
You have tough skin. (AC +1)


Message History

The gnoll sergeant hits you with a +0 spear.
* * * LOW HITPOINT WARNING * * *
The gnoll sergeant hits you from afar with a +0 spear!
* * * LOW HITPOINT WARNING * * *
Found a dagger.
There is a stone staircase leading up here.
There is a stone staircase leading down here.
The gnoll sergeant hits you from afar with a +0 spear.
You see here a +1 vampiric spear.
Things that are here:
a +0 club; a goblin corpse The gnoll sergeant hits you with a +0 spear.
You closely miss the gnoll sergeant.
The gnoll sergeant is heavily wounded.
The gnoll sergeant hits you with a +0 spear!
You scratch the gnoll sergeant.
The gnoll sergeant is severely wounded.
The gnoll sergeant hits you with a +0 spear!
The gnoll sergeant blocks your attack.
The gnoll sergeant is severely wounded.
The gnoll sergeant hits you with a +0 spear.
The gnoll sergeant blocks your attack.
The gnoll sergeant is severely wounded.
You barely miss the gnoll sergeant.
The gnoll sergeant is severely wounded.
The gnoll sergeant hits you with a +0 spear.
You scratch the gnoll sergeant.
The gnoll sergeant is severely wounded.
The gnoll sergeant barely misses you. The gnoll sergeant blocks your attack.
The gnoll sergeant is severely wounded.
The gnoll sergeant hits you with a +0 spear.
The gnoll sergeant blocks your attack.
The gnoll sergeant is severely wounded.
The gnoll sergeant hits you with a +0 spear!
* * * LOW HITPOINT WARNING * * *
You scratch the gnoll sergeant.
The gnoll sergeant is almost dead.
The gnoll sergeant hits you with a +0 spear!
You die...

###################
#......)...gg@)...#
#.###############.#
#.# #.# #g# #.#
####g#### #.#
#.#.#.#.## #.#
.#.#.#.#.# #.#
#.#.#g#.## #.#
.#.#.#.#.# #.#


You could see a gnoll sergeant and a gnoll.

Vanquished Creatures
  2 orc priests (D:3)
  Jessica (D:3)
  Ijyb (D:3)
  Natasha (thrice) (D:3)
  3 orc wizards (D:3)
  5 adders (D:2)
  7 gnolls
  An ufetubus (D:2)
  2 worms (D:2)
  4 dart slugs
  16 orcs (D:3)
  9 bats
  7 endoplasms
  A giant cockroach (D:1)
  9 goblins
  6 hobgoblins
  8 jackals
  4 quokkas
  7 ball pythons
  7 frilled lizards
  7 kobolds
  7 rats
117 creatures vanquished.

Notes
Turn   | Place    | Note
-------+----------+-------------------------------------------
     0 | D:1      | Morbidden the Troll Earth Elementalist began the quest for
                  | the Orb.
     0 | D:1      | Reached XP level 1. HP: 16/16 MP: 1/1
   168 | D:1      | Reached XP level 2. HP: 24/24 MP: 2/2
   307 | D:1      | Found a faded altar of an unknown god.
   307 | D:1      | Noticed a great orb of eyes
   321 | D:1      | Noticed a great orb of eyes
   321 | D:1      | Noticed a great orb of eyes
   321 | D:1      | Noticed an eye of devastation
   462 | D:1      | Reached XP level 3. HP: 32/32 MP: 4/4
   526 | D:1      | Reached skill level 1 in Transmutations
   625 | D:1      | Reached skill level 1 in Unarmed Combat
   927 | D:2      | Reached XP level 4. HP: 37/40 MP: 5/5
   955 | D:2      | Reached skill level 2 in Unarmed Combat
  1392 | D:2      | Reached XP level 5. HP: 46/46 MP: 6/6
  1513 | D:3      | Reached skill level 3 in Unarmed Combat
  1540 | D:3      | Reached skill level 1 in Fighting
  1681 | D:3      | Found a hide-covered altar of Uskayaw.
  1722 | D:3      | Noticed Natasha
  1729 | D:3      | Killed Natasha
  1730 | D:3      | Reached XP level 6. HP: 55/55 MP: 7/7
  1907 | D:3      | Noticed Jessica
  1913 | D:3      | Killed Jessica
  1914 | D:3      | Reached skill level 4 in Unarmed Combat
  2029 | D:3      | Noticed Natasha
  2037 | D:3      | Killed Natasha
  2055 | D:3      | Noticed Ijyb
  2063 | D:3      | Killed Ijyb
  2116 | D:3      | Noticed Natasha
  2124 | D:3      | Killed Natasha
  2701 | D:4      | HP: 2/54 [gnoll sergeant (9)]
  2751 | D:4      | Slain by a gnoll sergeant

Illustrated notes

Levels and vault maps discovered:
D:1:      amcnicky_arrival_blooded_trapdoor, layout_basic,
          hellmonk_ecumenical_altar_watching_god
D:2:      minmay_evil_eye, layout_basic, minmay_box_of_dots
D:3:      layout_loops_corners, mainiacjoe_overflow_tiny_flanked, uniq_ijyb,
          uniq_jessica, uniq_natasha
D:4:      layout_basic, uniq_edmund, uniq_eustachio

Skill      XL: |  1  2  3  4  5  6 |
---------------+-------------------+-----
Earth Magic    | 3 |  3.6
Transmutations | 1 |  1.9
Unarmed Combat | 1 2 3 4 |  4.7
Dodging        | 2 |  2.1
Fighting       | 1 |  1.3
Stealth        | |  1.1
Spellcasting   | |  1.9

Action                   |  1- 3 |  4- 6 || total
-------------------------+-------+-------++-------
Melee: Unarmed           |   136 |   270 ||   406
       Punch             |       |     1 ||     1
 Cast: Sandblast         |       |    13 ||    13
  Use: Potion            |       |     2 ||     2
 Stab: Sleeping          |     2 |     1 ||     3
Armor: Robe              |    60 |    77 ||   137
Dodge: Dodged            |    89 |   157 ||   246

Table legend: (Time is in decaauts)
 A = Elapsed time spent in this place.
 B = Non-inter-level travel time spent in this place.
 C = Inter-level travel time spent in this place.
 D = Time resting spent in this place.
 E = Time spent auto-exploring this place.
 F = Levels seen in this place.
 G = Mean time per level.
                   A        B        C        D        E       F      G
               +--------+--------+--------+--------+--------+-----+--------+
         Total |   2740 |   2652 |     88 |     53 |   1677 |   4 |  685.0 |
       Dungeon |   2740 |   2652 |     88 |     53 |   1677 |   4 |  685.0 |
               +--------+--------+--------+--------+--------+-----+--------+

Top non-repeatable levels by time:
     D:3: 1018 daAuts
     D:1: 776 daAuts
     D:2: 675 daAuts
     D:4: 269 daAuts
